EVO
WASHINGTON STATE UNIVERSITY COUGARS @ OHIO STATE UNIVERSITY BUCKEYES
09/04/2044
 
TOP OF THE 1ST
Washington State University Cougars batting - Pitching for Ohio State University Buckeyes : RHP Mitsuharu Yoshimoto
Pitching: RHP Mitsuharu Yoshimoto
Batting: RHB Gebre-Giorgios Wangondu 0-0: Ball
1-0: Foul Ball, location: 2F
1-1: Foul Ball, location: 2F
1-2: Foul Ball, location: 2F
1-2: Fly out, F8 (Flyball, 8LD, EV 95.0 MPH)
Batting: RHB Makoto Narita 0-0: Swinging Strike
0-1: Called Strike
0-2: Ball
1-2: Strikes out swinging
Batting: SHB Salvador Padilla 0-0: Fly out, F8 (Flyball, 8LM, EV 95.0 MPH)
Top of the 1st over - 0 runs, 0 hits, 0 errors, 0 left on base; Washington State University 0 - Ohio State University 0
BOTTOM OF THE 1ST
Ohio State University Buckeyes batting - Pitching for Washington State University Cougars : RHP Adam Kelly
Pitching: RHP Adam Kelly
Batting: RHB Aukukero Tairi 0-0: SINGLE (Line Drive, 56, EV 115.0 MPH)
Batting: RHB Rafael Reyes 0-0: Called Strike
0-1: Swinging Strike
Aukukero Tairi is caught stealing 2nd base 2-4
0-2: Ground out 6-3 (Groundball, 6, EV 85.0 MPH)
Batting: RHB Xavier Castaneda 0-0: Foul Ball, location: 2F
0-1: Foul Ball, location: 2F
0-2: Ball
1-2: Ball
2-2: Strikes out swinging
Bottom of the 1st over - 0 runs, 1 hit, 0 errors, 0 left on base; Washington State University 0 - Ohio State University 0
TOP OF THE 2ND
Washington State University Cougars batting - Pitching for Ohio State University Buckeyes : RHP Mitsuharu Yoshimoto
Batting: RHB Melvin Durland 0-0: Ground out 5-3 (Groundball, 56, EV 76.9 MPH)
Batting: RHB Johnny Lowe 0-0: Ball
1-0: Called Strike
1-1: Ball
2-1: Ball
3-1: Foul Ball, location: 2F
3-2: Ground out 6-3 (Groundball, 6, EV 80.6 MPH)
Batting: RHB Alex Koral 0-0: Hit by Pitch
Batting: RHB David Martin 0-0: Ball
1-0: Called Strike
Alex Koral steals 2nd base
1-1: Fly out, F6 (Popup, 4MD, EV 63.1 MPH)
Top of the 2nd over - 0 runs, 0 hits, 0 errors, 1 left on base; Washington State University 0 - Ohio State University 0
BOTTOM OF THE 2ND
Ohio State University Buckeyes batting - Pitching for Washington State University Cougars : RHP Adam Kelly
Batting: RHB Dan Muse 0-0: Called Strike
0-1: Foul Ball, location: 2F
0-2: Ball
1-2: SINGLE (Groundball, 6MD, EV 98.1 MPH)
Batting: RHB Joey Black 0-0: Ball
1-0: Ball
2-0: Called Strike
2-1: Called Strike
2-2: SINGLE (Line Drive, 9S, EV 98.8 MPH)
Dan Muse to second
Throwing error, E9
Dan Muse scores
Joey Black to second
Batting: RHB Nick Holsinger 0-0: Ball
1-0: Ball
2-0: DOUBLE (Line Drive, 5D, EV 97.5 MPH)
Joey Black scores
Batting: RHB Rick English 0-0: Called Strike
0-1: Ball
1-1: Called Strike
1-2: Ball
2-2: Foul Ball, location: 2F
2-2: Ball
3-2: Foul Ball, location: 2F
3-2: Foul Ball, location: 2F
3-2: Base on Balls
Batting: LHB Alex Rivera 0-0: Called Strike
0-1: Foul Ball, location: 2F
0-2: Ball
1-2: Foul Ball, location: 2F
1-2: Foul Ball, location: 2F
1-2: Ball
2-2: Foul Ball, location: 2F
2-2: Foul Ball, location: 2F
2-2: Ball
3-2: Grounds into double play, 6-4-3 (Groundball, 6, EV 88.8 MPH)
Nick Holsinger to third
Batting: RHB Peter Westover 0-0: Ball
1-0: 2-RUN HOME RUN (Flyball, 78XD, EV 105.6 MPH), Distance : 419 ft
Batting: RHB Aukukero Tairi 0-0: Called Strike
0-1: Ball
1-1: Ball
2-1: Ball
3-1: Fly out, F8 (Flyball, 78S, EV 86.3 MPH)
Bottom of the 2nd over - 4 runs, 4 hits, 1 error, 0 left on base; Washington State University 0 - Ohio State University 4
TOP OF THE 3RD
Washington State University Cougars batting - Pitching for Ohio State University Buckeyes : RHP Mitsuharu Yoshimoto
Batting: SHB Steve DeRienzo 0-0: Ball
1-0: Foul Ball, location: 2F
1-1: Foul Ball, location: 2F
1-2: DOUBLE (Line Drive, 5D, EV 98.1 MPH)
Batting: RHB Vance Coen 0-0: Fly out, F8 (Flyball, 78M, EV 82.5 MPH)
Batting: RHB Gebre-Giorgios Wangondu 0-0: Called Strike
0-1: Foul Ball, location: 2F
0-2: Ground out 3-1 (Groundball, 34, EV 106.3 MPH)
Steve DeRienzo to third
Batting: RHB Makoto Narita 0-0: Ground out 5-3 (Groundball, 56, EV 90.6 MPH)
Top of the 3rd over - 0 runs, 1 hit, 0 errors, 1 left on base; Washington State University 0 - Ohio State University 4
BOTTOM OF THE 3RD
Ohio State University Buckeyes batting - Pitching for Washington State University Cougars : RHP Adam Kelly
Batting: RHB Rafael Reyes 0-0: Called Strike
0-1: Fly out, F8 (Flyball, 8LD, EV 106.9 MPH)
Batting: RHB Xavier Castaneda 0-0: Called Strike
0-1: DOUBLE (Flyball, 8LXD, EV 102.5 MPH)
Batting: RHB Dan Muse 0-0: Called Strike
0-1: Ball
1-1: Ball
2-1: Called Strike
2-2: Ball
3-2: Base on Balls
Batting: RHB Joey Black 0-0: Called Strike
0-1: Called Strike
0-2: Ball
1-2: Ball
2-2: 3-RUN HOME RUN (Flyball, 7D, EV 98.1 MPH), Distance : 399 ft
Pitching: RHP Miguel de la Torre
Batting: RHB Nick Holsinger 0-0: Ball
1-0: Ball
2-0: Ball
3-0: Called Strike
3-1: SINGLE (Groundball, 34D, EV 95.6 MPH)
Batting: RHB Rick English 0-0: Ball
1-0: Ball
2-0: Called Strike
2-1: Ball
3-1: Base on Balls
Nick Holsinger to second
Batting: LHB Alex Rivera 0-0: Ball
1-0: Ball
2-0: Ball
3-0: Called Strike
3-1: Base on Balls
Nick Holsinger to third
Rick English to second
Batting: RHB Peter Westover 0-0: Ball
1-0: Ball
2-0: Called Strike
2-1: Called Strike
2-2: Ball
3-2: Base on Balls
Nick Holsinger scores
Rick English to third
Alex Rivera to second
Batting: RHB Aukukero Tairi 0-0: Ball
1-0: Foul Ball, location: 2F
1-1: DOUBLE (Flyball, 89D, EV 108.1 MPH)
Rick English scores
Alex Rivera scores
Peter Westover to third
Batting: RHB Rafael Reyes 0-0: Ball
1-0: Called Strike
1-1: Swinging Strike
1-2: Ground out 6-3 (Groundball, 6D, EV 96.9 MPH)
Peter Westover scores
Pitching: LHP Erick Lugo
Batting: RHB Xavier Castaneda 0-0: Swinging Strike
0-1: Swinging Strike
0-2: Ball
1-2: Strikes out swinging
Bottom of the 3rd over - 7 runs, 4 hits, 0 errors, 1 left on base; Washington State University 0 - Ohio State University 11
TOP OF THE 4TH
Washington State University Cougars batting - Pitching for Ohio State University Buckeyes : RHP Mitsuharu Yoshimoto
Batting: SHB Salvador Padilla 0-0: Foul Ball, location: 2F
0-1: Ground out 4-3 (Groundball, 4, EV 88.8 MPH)
Batting: RHB Melvin Durland 0-0: SINGLE (Line Drive, 78S, EV 100.0 MPH)
Batting: RHB Johnny Lowe 0-0: Ball
1-0: Ball
2-0: Ball
3-0: Called Strike
3-1: Single, Error in OF, E9, batter to second base (Line Drive, 9S, EV 99.4 MPH)
Melvin Durland to third
Batting: RHB Alex Koral 0-0: Called Strike
0-1: Ball
1-1: Foul Ball, location: 2F
1-2: Strikes out swinging
Batting: RHB David Martin 0-0: Fly out, F9 (Flyball, 9D, EV 84.4 MPH)
Top of the 4th over - 0 runs, 2 hits, 1 error, 2 left on base; Washington State University 0 - Ohio State University 11
BOTTOM OF THE 4TH
Ohio State University Buckeyes batting - Pitching for Washington State University Cougars : LHP Erick Lugo
Batting: RHB Dan Muse 0-0: Ball
1-0: Ground out 6-3 (Groundball, 6, EV 83.1 MPH)
Batting: RHB Joey Black 0-0: Called Strike
0-1: Foul Ball, location: 2F
0-2: SOLO HOME RUN (Flyball, 78XD, EV 100.0 MPH), Distance : 411 ft
Batting: RHB Nick Holsinger 0-0: Called Strike
0-1: Ball
1-1: Foul Ball, location: 2F
1-2: Ball
2-2: Ball
3-2: Ground out U3 (Groundball, 13, EV 88.8 MPH)
Batting: RHB Rick English 0-0: Ball
1-0: Ball
2-0: Ball
3-0: Called Strike
3-1: SINGLE (Line Drive, 78S, EV 103.1 MPH)
Batting: LHB Alex Rivera 0-0: Called Strike
0-1: Ball
1-1: Fielders Choice at 2nd, 6-4 (Groundball, 6, EV 108.1 MPH)
Bottom of the 4th over - 1 run, 2 hits, 0 errors, 1 left on base; Washington State University 0 - Ohio State University 12
TOP OF THE 5TH
Washington State University Cougars batting - Pitching for Ohio State University Buckeyes : RHP Mitsuharu Yoshimoto
Batting: SHB Steve DeRienzo 0-0: Ball
1-0: Swinging Strike
1-1: Foul Ball, location: 2F
1-2: Fly out, F8 (Line Drive, 8RM, EV 101.9 MPH)
Batting: RHB Vance Coen 0-0: Called Strike
0-1: Foul Ball, location: 2F
0-2: Ball
1-2: Foul Ball, location: 2F
1-2: Ball
2-2: Foul Ball, location: 2F
2-2: Ball
3-2: Foul Ball, location: 2F
3-2: Strikes out swinging
Batting: RHB Gebre-Giorgios Wangondu 0-0: Ball
1-0: SINGLE (Line Drive, 89M, EV 111.9 MPH)
Batting: RHB Makoto Narita 0-0: Ball
1-0: Ball
2-0: Foul Ball, location: 2F
2-1: Ball
3-1: Fly out, F9 (Flyball, 9LM, EV 108.1 MPH)
Top of the 5th over - 0 runs, 1 hit, 0 errors, 1 left on base; Washington State University 0 - Ohio State University 12
BOTTOM OF THE 5TH
Ohio State University Buckeyes batting - Pitching for Washington State University Cougars : LHP Erick Lugo
Batting: RHB Peter Westover 0-0: Ball
1-0: SINGLE (Groundball, 6S, EV 70.0 MPH) (infield hit)
Batting: RHB Aukukero Tairi 0-0: Swinging Strike
0-1: Ball
1-1: Swinging Strike
1-2: Ball
2-2: Ball
Wild Pitch!
Peter Westover to second
3-2: SINGLE (Groundball, 34D, EV 98.1 MPH)
Peter Westover to third
Batting: RHB Rafael Reyes 0-0: Fielders Choice at 2nd, 1-6 (Groundball, 34S, EV 71.3 MPH)
Pitching: RHP Jordan Wyatt
Batting: RHB Xavier Castaneda 0-0: Called Strike
0-1: Foul Ball, location: 2F
0-2: Ball
1-2: Foul Ball, location: 2F
1-2: Foul Ball, location: 2F
1-2: Foul Ball, location: 2F
1-2: Fly out, F9 (Flyball, 9S, EV 86.9 MPH)
Batting: RHB Dan Muse 0-0: Ball
1-0: Foul Ball, location: 2F
1-1: Ball
2-1: Foul Ball, location: 2F
2-2: Strikes out swinging
Bottom of the 5th over - 0 runs, 2 hits, 0 errors, 2 left on base; Washington State University 0 - Ohio State University 12
TOP OF THE 6TH
Washington State University Cougars batting - Pitching for Ohio State University Buckeyes : RHP Mitsuharu Yoshimoto
Batting: SHB Salvador Padilla 0-0: Called Strike
0-1: Ball
1-1: Fly out, F5 (Popup, 25F, EV 75.0 MPH)
Batting: RHB Melvin Durland 0-0: Foul Ball, location: 2F
0-1: Foul Ball, location: 2F
0-2: Ball
1-2: Fly out, F8 (Flyball, 8LM, EV 93.8 MPH)
Batting: RHB Johnny Lowe 0-0: Ball
1-0: Ball
2-0: Called Strike
2-1: Ground out 4-3 (Groundball, 4MS, EV 89.4 MPH)
Top of the 6th over - 0 runs, 0 hits, 0 errors, 0 left on base; Washington State University 0 - Ohio State University 12
BOTTOM OF THE 6TH
Ohio State University Buckeyes batting - Pitching for Washington State University Cougars : RHP Jordan Wyatt
Batting: RHB Joey Black 0-0: Fly out, F6 (Popup, 6MD, EV 46.9 MPH)
Batting: RHB Nick Holsinger 0-0: SOLO HOME RUN (Flyball, 7LD, EV 94.4 MPH), Distance : 354 ft
Batting: RHB Rick English 0-0: Fly out, F7 (Flyball, 7LS, EV 73.1 MPH)
Batting: LHB Alex Rivera 0-0: Ball
1-0: Ball
2-0: Ball
3-0: Called Strike
3-1: Base on Balls
Batting: RHB Peter Westover 0-0: Ball
1-0: Foul Ball, location: 2F
1-1: Called Strike
1-2: Ball
2-2: Foul Ball, location: 2F
2-2: Foul Ball, location: 2F
2-2: Strikes out swinging
Bottom of the 6th over - 1 run, 1 hit, 0 errors, 1 left on base; Washington State University 0 - Ohio State University 13
TOP OF THE 7TH
Washington State University Cougars batting - Pitching for Ohio State University Buckeyes : RHP Mitsuharu Yoshimoto
Batting: RHB Alex Koral 0-0: Ball
1-0: Ball
2-0: Fly out, F8 (Line Drive, 8RD, EV 93.1 MPH)
Batting: RHB David Martin 0-0: Ball
1-0: Ground out 5-3 (Groundball, 5L, EV 80.6 MPH)
Pinch Hitting: RHB Sam Callahan 0-0: Fly out, F8 (Flyball, 8RD, EV 96.9 MPH)
Top of the 7th over - 0 runs, 0 hits, 0 errors, 0 left on base; Washington State University 0 - Ohio State University 13
BOTTOM OF THE 7TH
Ohio State University Buckeyes batting - Pitching for Washington State University Cougars : RHP Jordan Wyatt
Pitching: RHP Gorgonio Sigua
Now in RF: Sam Callahan
Batting: RHB Aukukero Tairi 0-0: Ground out 5-3 (Groundball, 5, EV 88.8 MPH)
Batting: RHB Rafael Reyes 0-0: Foul Ball, location: 2F
0-1: Ball
1-1: Ball
2-1: Foul Ball, location: 2F
2-2: SINGLE (Line Drive, 89M, EV 93.1 MPH)
Batting: RHB Xavier Castaneda 0-0: Ball
1-0: Fly out, F3 (Popup, 3SF, EV 80.0 MPH)
Batting: RHB Dan Muse 0-0: Called Strike
0-1: Ball
1-1: Ball
2-1: Swinging Strike
2-2: SINGLE (Groundball, 6S, EV 71.3 MPH) (infield hit)
Rafael Reyes to second
Batting: RHB Joey Black 0-0: Foul Ball, location: 2F
0-1: Swinging Strike
0-2: Ball
1-2: Foul Ball, location: 2F
1-2: Foul Ball, location: 2F
1-2: Ball
2-2: Strikes out swinging
Bottom of the 7th over - 0 runs, 2 hits, 0 errors, 2 left on base; Washington State University 0 - Ohio State University 13
TOP OF THE 8TH
Washington State University Cougars batting - Pitching for Ohio State University Buckeyes : RHP Mitsuharu Yoshimoto
Batting: RHB Vance Coen 0-0: Ball
1-0: Fly out, F8 (Flyball, 8LM, EV 88.8 MPH)
Pinch Hitting: RHB Larry Martell 0-0: Called Strike
0-1: SINGLE (Flyball, 4MD, EV 85.6 MPH)
Batting: RHB Makoto Narita 0-0: Fly out, F7 (Flyball, 7S, EV 88.8 MPH)
Batting: SHB Salvador Padilla 0-0: Ball
1-0: Ball
2-0: Foul Ball, location: 2F
2-1: Called Strike
2-2: Strikes out swinging
Top of the 8th over - 0 runs, 1 hit, 0 errors, 1 left on base; Washington State University 0 - Ohio State University 13
BOTTOM OF THE 8TH
Ohio State University Buckeyes batting - Pitching for Washington State University Cougars : RHP Gorgonio Sigua
Now in CF: Larry Martell
Batting: RHB Nick Holsinger 0-0: Ball
1-0: Fly out, F8 (Flyball, 8RD, EV 100.0 MPH)
Pinch Hitting: LHB Bill Lorimer 0-0: Called Strike
0-1: Fly out, F4 (Line Drive, 4, EV 67.5 MPH)
Batting: LHB Alex Rivera 0-0: Foul Ball, location: 2F
0-1: Foul Ball, location: 2F
0-2: Ball
1-2: Strikes out looking
Bottom of the 8th over - 0 runs, 0 hits, 0 errors, 0 left on base; Washington State University 0 - Ohio State University 13
TOP OF THE 9TH
Washington State University Cougars batting - Pitching for Ohio State University Buckeyes : RHP Mitsuharu Yoshimoto
Now in RF: Bill Lorimer
Batting: RHB Melvin Durland 0-0: SINGLE (Line Drive, 34D, EV 105.6 MPH)
Batting: RHB Johnny Lowe 0-0: Called Strike
0-1: Ball
1-1: Ball
2-1: Ball
3-1: Base on Balls
Melvin Durland to second
Pinch Hitting: LHB Josh Aerni 0-0: Ball
1-0: Ball
2-0: Foul Ball, location: 2F
2-1: Ball
Balk!
Melvin Durland to third
Johnny Lowe to second
3-1: Called Strike
3-2: Foul Ball, location: 2F
3-2: Ground out U3 (Groundball, 3L, EV 103.8 MPH)
Melvin Durland scores
Johnny Lowe to third
Batting: RHB David Martin 0-0: Ball
1-0: Called Strike
1-1: Called Strike
1-2: Strikes out swinging
Batting: RHB Sam Callahan 0-0: Ball
1-0: Swinging Strike
1-1: Ground out 6-3 (Groundball, 6, EV 76.9 MPH)
Top of the 9th over - 1 run, 1 hit, 0 errors, 1 left on base; Washington State University 1 - Ohio State University 13
Thursday, March 31st , 2022 - OOTP Baseball 22.12 Build 89